 Dungeon Crawl Stone Soup version 0.29.1-12-g30fa7ad0bf (webtiles) character file.

Game seed: 16252510169739537833

4151 concernfroge the Skirmisher (level 10, -11/77 HPs)
             Began as a Mummy Monk on Dec 28, 2022.
             Was a Believer of Okawaru.
             Mangled by a two-headed ogre
             ... wielding a +0 giant club
              (12 damage)
             ... on level 9 of the Dungeon.
             The game lasted 00:32:59 (7854 turns).

concernfroge the Skirmisher (Mummy Monk)            Turns: 7854, Time: 00:33:00

Health: -11/77     AC: 10    Str: 16    XL:     10   Next: 7%
Magic:  13/13      EV: 11    Int: 16    God:    Okawaru [**....]
Gold:   275        SH:  5    Dex: 19    Spells: 6/9 levels left

rFire   . . .      SeeInvis .   b - +2 arbalest
rCold   + . .      Faith    .   (shield currently unavailable)
rNeg    + + +      Spirit   .   f - +0 ring mail
rPois   ∞          Reflect  +   (no helmet)
rElec   .          Harm     .   e - +2 cloak
rCorr   +          Rampage  .   a - +0 pair of gloves
Will    +....                   o - +0 pair of boots
Stlth   +.........              q - amulet of reflection
HPRegen 0.22/turn               l - +6 ring of intelligence
MPRegen 0.13/turn               d - ring "Ramauwi" {rF+ rCorr Str+2 Slay+4}

@: no status effects
A: cold resistance 1, negative energy resistance 3, torment resistance 2, heat
vulnerability 1, in touch with death 1, no potions
a: Renounce Religion, Heroism


You were on level 9 of the Dungeon.
You worshipped Okawaru.
Okawaru was pleased with you.
You visited 2 branches of the dungeon, and saw 10 of its levels.

You collected 405 gold pieces.
You spent 130 gold pieces at shops.

Inventory:

Hand Weapons
 b - a +2 arbalest (weapon)
 n - a +0 sling of freezing
Armour
 a - a +0 pair of gloves (worn)
 e - a +2 cloak (worn)
 f - a +0 ring mail (worn)
 o - a +0 pair of boots (worn)
 s - a +0 buckler
Magical Staves
 m - a staff of conjuration
Jewellery
 d - the ring "Ramauwi" (right hand) {rF+ rCorr Str+2 Slay+4}
   (You acquired it on level 3 of the Dungeon)

   [ring of slaying]

   Str:       It affects your strength (+2).
   Slay:      It affects your accuracy & damage with ranged weapons and melee
   (+4).
   rF:        It protects you from fire.
   rCorr:     It protects you from acid and corrosion.
 k - a ring of magical power
 l - a +6 ring of intelligence (left hand)
 q - an amulet of reflection (around neck)
Wands
 j - a wand of paralysis (11)
 p - a wand of iceblast (3)
 r - a wand of flame (46)
Scrolls
 c - 3 scrolls of brand weapon {unknown}
 g - 2 scrolls of teleportation
 h - a scroll of amnesia
 i - a scroll of butterflies


   Skills:
 - Level 6.3 Fighting
 - Level 2.4 Long Blades
 + Level 10.6 Ranged Weapons
 - Level 2.4 Dodging
 - Level 1.5 Stealth
 - Level 4.0 Invocations


You had 6 spell levels left.
You knew the following spells:

 Your Spells              Type           Power      Damage    Failure   Level
a - Portal Projectile     Hex/Tloc       0%         N/A       82%         3

Your spell library contained the following spells:

 Spells                   Type           Power      Damage    Failure   Level
 Anguish                  Hex/Necr       0%         N/A       99%         4
 Enfeeble                 Hex            0%         N/A       100%        7
 Tukima's Dance           Hex            Unusable   N/A       N/A         3
 Blade Hands              Tmut           Unusable   N/A       N/A         5

Dungeon Overview and Level Annotations

Branches:
Dungeon (9/15)             Temple (1/1) D:7
   Lair: D:8-11         Orc: D:9-12

Altars:
Cheibriados
Dithmenos
Fedhas
Hepliaklqana
Kikubaaqudgha
Makhleb
Nemelex Xobeh
Okawaru
Qazlal
Ru
Sif Muna
Trog
Uskayaw
Vehumet
Wu Jian
Xom
Yredelemnul

Shops:
D:3 ?   D:7 =*

Annotations:
D:3 1 runed translucent door, exclusion: door, wormed's ghost, amateur MiBe
D:7 3 runed translucent doors, exclusion: 3 doors, vaultlich's ghost, novice MfGl


Innate Abilities, Weirdness & Mutations

You are immune to poison.
Your flesh is cold resistant. (rC+)
You are immune to negative energy. (rN+++)
You are immune to unholy pain and torment.
You are vulnerable to heat. (rF-)
You are in touch with the powers of death.
You do not drink.


Message History

The orc shouts!
You hear a shout!
You shoot a bolt. The bolt hits the orc.
The orc is heavily wounded.
You shoot a bolt. The bolt hits the orc!!
You kill the orc!
Okawaru accepts your kill.
There is an open door here.
There is a stone staircase leading down here.
You see here a +0 morningstar.
You shoot a bolt. The bolt hits the bullfrog!!
The bullfrog is almost dead.
You shoot a bolt. The bolt closely misses the bullfrog.
You shoot a bolt. The bolt hits the bullfrog!!
You kill the bullfrog!
Okawaru accepts your kill.
You hear a shout!
Okay, then.
You shoot a bolt. The bolt hits the centaur warrior.
The centaur warrior is lightly wounded.
The centaur warrior shoots an arrow.
The arrow hits you.
The centaur warrior shoots an arrow.
The arrow hits you.
You shoot a bolt. The bolt hits the centaur warrior!
The centaur warrior is moderately wounded.
The centaur warrior shoots an arrow.
The arrow hits you!
You hear two shouts!
You shoot a bolt. The bolt hits the centaur warrior!!
The centaur warrior is heavily wounded.
The centaur warrior shoots an arrow.
The arrow hits you!!
A vampire mosquito comes into view.
The centaur warrior shoots an arrow.
The arrow hits you!!
* * * LOW HITPOINT WARNING * * *
Okay, then.
The centaur warrior shoots an arrow.
The arrow hits you!
* * * LOW HITPOINT WARNING * * *
You hear an angry buzzing noise.
You climb downwards.
The two-headed ogre shouts in stereo!
The killer bee buzzes angrily.
The killer bee stings you but does no damage.
The two-headed ogre hits you with a +0 giant club!
You die...

#......{#.......#.o..#
#######.####....#.#..#
#....#..o...#.....
#....#......#.......
+...))......#o......
#....#......#o......
#############.......
........y#Oo.....
......y@.#
......yO.'.....
.........#.....
.........# ....
.######### .#. #


You could see a two-headed ogre and 3 killer bees.

Vanquished Creatures
  A hornet (D:7)
  Sigmund (D:2)
  4 yaks (D:8)
  A warg (D:9)
  2 acid dragons
  4 orc warriors
  2 black bears
  An ogre (D:6)
  2 centaurs (D:8)
  A phantom (D:6)
  A bullfrog (D:8)
  3 necrophages (D:5)
  A scorpion (D:5)
  5 wights
  2 killer bees (D:8)
  3 howler monkeys
  A centaur zombie (D:6)
  3 hounds
  3 orc priests
  3 gnoll boudas
  A jelly (D:6)
  3 iguanas
  18 orc wizards
  A killer bee zombie (D:6)
  19 gnolls
  8 adders
  A shadow imp (D:8)
  2 white imps
  2 worms
  3 dart slugs (D:3)
  38 orcs
  9 endoplasms
  5 giant cockroaches
  8 goblins
  10 hobgoblins
  5 ball pythons
  3 bats
  A frilled lizard (D:1)
  6 kobolds
  4 rats
191 creatures vanquished.

Notes
Turn   | Place    | Note
-------+----------+-------------------------------------------
     0 | D:1      | concernfroge the Mummy Monk began the quest for the Orb.
     0 | D:1      | Reached XP level 1. HP: 18/18 MP: 1/1
   312 | D:1      | Reached XP level 2. HP: 24/24 MP: 2/2
   621 | D:1      | Found a faded altar of an unknown god.
  1100 | D:2      | Noticed Sigmund
  1111 | D:2      | Killed Sigmund
  1112 | D:2      | Gained mutation: You are in touch with the powers of death.
                  | [Mummy growth]
  1112 | D:2      | Reached XP level 3. HP: 34/34 MP: 3/3
  1112 | D:2      | Reached XP level 4. HP: 40/40 MP: 4/4
  1112 | D:2      | Reached XP level 5. HP: 46/46 MP: 5/5
  1890 | D:3      | Found Ylog's Magic Scroll Shoppe.
  1896 | D:3      | Bought a scroll of identify for 26 gold pieces
  1898 | D:3      | Bought a scroll of identify for 26 gold pieces
  1899 | D:3      | Bought a scroll of immolation for 52 gold pieces
  1906 | D:3      | Learned a level 3 spell: Portal Projectile
  2157 | D:3      | Reached skill level 1 in Ranged Weapons
  2258 | D:3      | Found a runed translucent door.
  2259 | D:3      | Noticed wormed's ghost (amateur MiBe)
  2407 | D:3      | Reached XP level 6. HP: 47/53 MP: 6/6
  2513 | D:3      | Identified a scroll of acquirement
  2514 | D:3      | Acquired the ring "Ramauwi" {rF+ rCorr Str+2 Slay+4}
  2540 | D:3      | Found a snail-covered altar of Cheibriados.
  2828 | D:3      | Bought a scroll of identify for 26 gold pieces
  2973 | D:4      | Reached skill level 2 in Ranged Weapons
  2990 | D:5      | Entered Level 5 of the Dungeon
  2994 | D:5      | Reached skill level 3 in Ranged Weapons
  3024 | D:5      | Reached skill level 4 in Ranged Weapons
  3024 | D:5      | Reached XP level 7. HP: 32/59 MP: 7/7
  3465 | D:5      | Found a blossoming altar of Fedhas.
  3778 | D:6      | Reached skill level 5 in Ranged Weapons
  3882 | D:6      | Found a bloodstained altar of Trog.
  3882 | D:6      | You fall into a shaft and drop 3 floors!
  3882 | D:9      | Found a shimmering blue altar of Sif Muna.
  3882 | D:9      | Found a sacrificial altar of Ru.
  3900 | D:9      | Noticed a two-headed ogre
  4119 | D:9      | Reached skill level 6 in Ranged Weapons
  4119 | D:9      | Reached XP level 8. HP: 57/65 MP: 8/8
  4248 | D:9      | Reached skill level 7 in Ranged Weapons
  4441 | D:8      | Found a radiant altar of Vehumet.
  4441 | D:8      | Found a stormy altar of Qazlal.
  4455 | D:7      | Found a sparkling altar of Nemelex Xobeh.
  4839 | D:6      | Reached skill level 8 in Ranged Weapons
  4997 | D:6      | Reached XP level 9. HP: 65/70 MP: 9/9
  5200 | D:6      | Found a basalt altar of Yredelemnul.
  5604 | D:7      | Found Liud's Overcharged Wands.
  6160 | D:7      | Reached skill level 9 in Ranged Weapons
  6526 | D:7      | Found Iduck's Jewellery Shop.
  6582 | D:7      | Found a runed translucent gate.
  6582 | D:7      | Found a runed translucent gate.
  6582 | D:7      | Found a runed translucent gate.
  6583 | D:7      | Noticed vaultlich's ghost (novice MfGl)
  6676 | D:7      | Found a staircase to the Ecumenical Temple.
  6694 | Temple   | Entered the Ecumenical Temple
  6763 | Temple   | Became a worshipper of Warmaster Okawaru
  6763 | Temple   | Reached * piety under Okawaru
  6763 | Temple   | Reached ** piety under Okawaru
  6870 | D:8      | Reached skill level 1 in Invocations
  6913 | D:8      | Reached skill level 10 in Ranged Weapons
  7680 | D:8      | Noticed a centaur warrior
  7681 | D:8      | Noticed a two-headed ogre
  7683 | D:8      | Reached XP level 10. HP: 55/77 MP: 9/12
  7853 | D:8      | HP: 1/77 [centaur warrior/arrow (7)]
  7854 | D:9      | Mangled by a two-headed ogre

Illustrated notes

Levels and vault maps discovered:
D:1:      dpeg_arrival_circle_labyrinth_c, layout_basic,
          shapermc_ecumenical_altar_mp_vishouse
D:2:      layout_loops_cross, minmay_goblin_kobold_house, uniq_sigmund
D:3:      layout_basic, kennysheep_slug_shrine, ebering_ghost_inner_flame,
          serial_shops, nicolae_shop_competitors_out_of_business, minmay_cupped
D:4:      layout_basic, uniq_edmund, uniq_eustachio, uniq_menkaure
D:5:      layout_layer_cave, fedhas_altar_fruit_tree
D:6:      layout_loops_ring, lemuel_zombie_altar_yredelemnul,
          mainiacjoe_overflow_alcove_1, cheibrodos_sewer_entry_sluice,
          nicolae_zen_rock_garden
D:7:      layout_gridville, mainiacjoe_overflow_tiny_flanked,
          minmay_temple_entry_enclosed_plants, serial_shops, shop,
          gammafunk_ghost_necromancy, roderic_st_hans_cross,
          nicolae_shop_overcharged_wands
D:8:      layout_loops_corners, nicolae_overflow_hidden_temple,
          minmay_pinched_square, uniq_gastronok
D:9:      layout_grid_maze, chequers_temple_overflow_statue_of_worship,
          erik_lair_orcish_takeover
Temple:   dpeg_three_leaves_temple

Skill      XL: |  1  2  3  4  5  6  7  8  9 10 |
---------------+-------------------------------+-----
Fighting       | 6 |  6.3
Ranged Weapons | 1 4 6 8 10 | 10.6
Invocations    | 3 4 |  4.0
Long Blades    | |  2.4
Dodging        | |  2.4
Stealth        | |  1.5

Action                   |  1- 3 |  4- 6 |  7- 9 | 10-12 || total
-------------------------+-------+-------+-------+-------++-------
Melee: Falchion          |    59 |    10 |       |       ||    69
       Punch             |     1 |       |       |       ||     1
       Short sword       |       |    38 |       |       ||    38
 Fire: Sling             |       |   104 |    47 |       ||   151
       Arbalest          |       |       |   207 |    19 ||   226
Throw: Stone             |     5 |     5 |       |       ||    10
Invok: Heroism           |       |       |     3 |       ||     3
Evoke: Wand              |     3 |     1 |    13 |     1 ||    18
  Use: Scroll            |       |    10 |    11 |       ||    21
 Stab: Sleeping          |     1 |       |       |       ||     1
       Paralysed         |     7 |       |       |       ||     7
Armor: Robe              |     2 |       |       |       ||     2
       Ring mail         |    12 |    46 |    58 |    14 ||   130
Dodge: Dodged            |    30 |    79 |    58 |    12 ||   179
Block: Buckler           |       |       |    13 |       ||    13
       Other             |       |       |    29 |     2 ||    31
       Reflection        |       |       |     2 |       ||     2
